 Dungeon Crawl Stone Soup version 0.24-a0-201-gf205589 (console) character file.

Game seed: 8099737159949268393

219 Duffy the Insei (level 5, -6/44 HPs)
             Began as a Naga Transmuter on Mar 20, 2019.
             Killed from afar by kirsanium's ghost (8 damage)
             ... with a magic dart
             ... on level 3 of the Dungeon.
             The game lasted 00:03:03 (2979 turns).

Duffy the Insei (Naga Transmuter)                   Turns: 2979, Time: 00:03:03

Health: -6/44      AC:  2    Str: 12    XL:     5   Next: 96%
Magic:  6/8        EV: 19    Int: 14    God:
Gold:   150        SH:  0    Dex: 17    Spells: 2/8 levels left

rFire    . . .     SeeInvis +     - Unarmed
rCold    . . .     Gourm    +   (shield currently unavailable)
rNeg     . . .     Faith    .   (armour currently unavailable)
rPois    x         Spirit   .   (helmet currently unavailable)
rElec    .         Reflect  .   (cloak currently unavailable)
rCorr    .         Harm     .   (gloves currently unavailable)
MR       .....                  (no barding)
Stlth    ++........             j - amulet of the gourmand
HPRegen  0.14/turn              (no ring)
MPRegen  0.11/turn              (no ring)

@: spider-form (expiring)
A: tiny, see invisible, slow metabolism 1, spit poison 1, AC +1
a: Spit Poison, End Transformation


You were on level 3 of the Dungeon.
You were very full.
You were a venomous arachnid creature.
You visited 1 branch of the dungeon, and saw 3 of its levels.

You collected 150 gold pieces.

Inventory:

Hand Weapons
 t - a +0 blowgun
Missiles
 a - 98 arrows
Armour
 b - a +0 robe (melded)
 p - a +0 large shield
 s - a +0 cloak (melded)
Jewellery
 j - an amulet of the gourmand (around neck)
 m - an uncursed ring of flight
Scrolls
 c - 6 scrolls of teleportation {unknown}
 e - 2 scrolls of enchant armour {unknown}
 f - 2 scrolls of magic mapping {unknown}
 g - 2 scrolls of remove curse {unknown}
 h - 4 scrolls of identify {unknown}
 l - 4 scrolls of immolation {unknown}
 n - a scroll of noise {unknown}
 q - 2 scrolls of enchant weapon {unknown}
Potions
 i - a potion of degeneration {unknown}
 k - a potion of haste {unknown}
 o - a potion of ambrosia {unknown}
 r - a potion of invisibility {unknown}
 u - a potion of magic {unknown}
Comestibles
 d - 4 rations
 v - a chunk of flesh


   Skills:
 - Level 1.0 Fighting
 - Level 1.5 Dodging
 + Level 5.4 Unarmed Combat
 - Level 2.0 Spellcasting
 - Level 3.0 Transmutations
 - Level 3.0 Poison Magic


You had 2 spell levels left.
You knew the following spells:

 Your Spells              Type           Power        Failure   Level  Hunger
h - Spider Form           Tmut/Pois      #.........   41%         3    ####...
j - Sticks to Snakes      Tmut           #.......     26%         2    ###....
k - Beastly Appendage     Tmut           #.....       19%         1    ##.....

Your spell library contained the following spells:

 Spells                   Type           Power        Failure   Level  Hunger
 Ice Form                 Ice/Tmut       #.......     90%         4    #####..
 Blade Hands              Tmut           #.........   96%         5    ######.


Dungeon Overview and Level Annotations

Branches:
Dungeon (3/15)

Altars:
Okawaru

Annotations:
D:3 kirsanium's ghost, novice HuCj


Innate Abilities, Weirdness & Mutations

You cannot wear boots.
((Your serpentine skin is tough. (AC +1)))
You have supernaturally acute eyesight. (SInv)
((Armour fits poorly on your strangely shaped body.))
((Your system is resistant to poisons. (rPois)))
((You cover ground very slowly.))
You have a slow metabolism.
You can spit poison.


Message History

Kirsanium's ghost hits you.
You hit kirsanium's ghost but do no damage.
Kirsanium's ghost is moderately damaged.
Kirsanium's ghost casts a spell at you. The magic dart hits you.
You closely miss kirsanium's ghost.
Kirsanium's ghost is moderately damaged.
Your transformation is almost over.
Kirsanium's ghost hits you but does no damage.
You hit kirsanium's ghost.
Kirsanium's ghost is heavily damaged.
You closely miss kirsanium's ghost.
Kirsanium's ghost is heavily damaged.
Kirsanium's ghost gestures at you while chanting.
The magic dart hits you.
You hit kirsanium's ghost.
Kirsanium's ghost is heavily damaged.
Kirsanium's ghost casts a spell at you. The magic dart hits you!
You die...

....................
............#######.
...............#
...........###..##
..........##}##..##
.........##..$##..#
...##...##..%..##.#
... #...#}..7...W.#
...##..%##..!..##s#
##.......##...##..#
#........##}##..##
#.........###..##
#.............##
###############


You could see kirsanium's ghost.

Vanquished Creatures
  Crazy Yiuf (D:2)
  Natasha (thrice) (D:2)
  An orc wizard (D:3)
  2 adders
  An ooze (D:3)
  3 dart slugs (D:1)
  3 leopard geckos
  An orc (D:3)
  6 bats
  3 giant cockroaches
  5 goblins
  10 hobgoblins
  10 kobolds
  2 ball pythons
  3 frilled lizards
  8 rats
62 creatures vanquished.

Notes
Turn   | Place    | Note
-------+----------+-------------------------------------------
     0 | D:1      | Duffy the Naga Transmuter began the quest for the Orb.
     0 | D:1      | Reached XP level 1. HP: 18/18 MP: 3/3
   257 | D:1      | Reached XP level 2. HP: 17/25 MP: 5/5
   440 | D:1      | Learned a level 2 spell: Sticks to Snakes
   598 | D:1      | Reached skill level 4 in Unarmed Combat
   781 | D:1      | Reached XP level 3. HP: 23/31 MP: 6/6
   786 | D:1      | Learned a level 3 spell: Spider Form
  1193 | D:2      | Found an iron altar of Okawaru.
  1197 | D:2      | Reached skill level 1 in Poison Magic
  1397 | D:2      | Noticed Natasha
  1402 | D:2      | Killed Natasha
  1402 | D:2      | Reached XP level 4. HP: 23/38 MP: 3/7
  1722 | D:2      | Noticed Natasha
  1818 | D:2      | Killed Natasha
  1921 | D:2      | Reached XP level 5. HP: 43/44 MP: 8/8
  2037 | D:2      | Found a runed translucent door.
  2038 | D:2      | Noticed Crazy Yiuf
  2086 | D:2      | Noticed Natasha
  2095 | D:2      | Killed Natasha
  2173 | D:2      | Killed Crazy Yiuf
  2173 | D:2      | Reached skill level 5 in Unarmed Combat
  2832 | D:3      | Found a runed translucent door.
  2832 | D:3      | Noticed kirsanium's ghost (novice HuCj)
  2978 | D:3      | HP: 2/44 [kirsanium's ghost/magic dart (6)]
  2979 | D:3      | Killed from afar by kirsanium's ghost

Levels and vault maps discovered:
D:1:      lightli_arrival_boilingwater, layout_rooms, minmay_fountain_box
D:2:      layout_basic, overflow_temple_1_default, first_ration, uniq_natasha,
          uniq_crazy_yiuf_cottage
D:3:      layout_basic, led_xom_imps, hellmonk_ghost_happy_afterlife,
          minmay_pentangle

Skill      XL: |  1  2  3  4  5 |
---------------+----------------+-----
Unarmed Combat | 4 5 |  5.4
Poison Magic   | 2 3 |  3.0
Transmutations | 3 |  3.0
Fighting       | |  1.0
Dodging        | |  1.5
Spellcasting   | |  2.0

Action                   |  1- 3 |  4- 6 || total
-------------------------+-------+-------++-------
Melee: Unarmed           |    90 |   105 ||   195
       Punch             |     1 |     1 ||     2
 Cast: Spider Form       |     1 |     8 ||     9
 Abil: Spit Poison       |     1 |     2 ||     3
 Stab: Sleeping          |     1 |     2 ||     3
       Distracted        |       |     1 ||     1
  Eat: Chunk             |    11 |     7 ||    18
Armor: Robe              |    22 |    18 ||    40
       Skin              |       |     3 ||     3
Dodge: Dodged            |    73 |    57 ||   130

Table legend:
 A = Non-vault XP
 B = Vault XP
 C = Vault XP percentage of total XP
 D = Non-vault monster count
 E = Vault monster count
 F = Vault count percentage of total count
                 A         B        C        D         E       F
            +---------+---------+-------+---------+---------+-------
      Total |     238 |      75 |  24.0 |      60 |       2 |   3.2
            +---------+---------+-------+---------+---------+-------
        D:1 |      49 |       0 |   0.0 |      26 |       0 |   0.0
        D:2 |     116 |      75 |  39.3 |      23 |       2 |   8.0
        D:3 |      73 |       0 |   0.0 |      11 |       0 |   0.0
            +---------+---------+-------+---------+---------+-------
